 Dungeon Crawl Stone Soup version 0.26.1-11-gd32895ea62 (webtiles) character file.

Game seed: 13210659851642304953

148 infcreate the Sneak (level 5, 0/29 HPs)
             Began as a Vampire Enchanter on May 18, 2021.
             Shot with an arrow by a centaur (10 damage)
             ... on level 6 of the Dungeon.
             The game lasted 00:07:09 (3422 turns).

infcreate the Sneak (Vampire Enchanter)             Turns: 3422, Time: 00:07:10

Health: 0/29       AC:  4    Str:  7    XL:     5   Next: 8%
Magic:  2/8        EV: 13    Int: 17    God:
Gold:   159        SH:  0    Dex: 16    Spells: 5/8 levels left

rFire    . . .     SeeInvis +   a - +2 dagger
rCold    + + .     Faith    .   (no shield)
rNeg     + + +     Spirit   .   b - +0 robe
rPois    ∞         Reflect  .   h - +1 helmet
rElec    .         Harm     .   (no cloak)
rCorr    .         Rampage  .   (no gloves)
Will     .....                  (no boots)
Stlth    +++++.....             (no amulet)
HPRegen  0.00/turn              (no ring)
MPRegen  0.11/turn              (no ring)

@: very slightly contaminated, bloodless
A: fangs 3, see invisible, unbreathing
a: Bat Form, Revivify


You were on level 6 of the Dungeon.
You visited 1 branch of the dungeon, and saw 4 of its levels.

You collected 159 gold pieces.


Innate Abilities, Weirdness & Mutations

You do not regenerate when monsters are visible.
You are frail without blood (-20% HP).
You can heal yourself when you bite living creatures.
You are immune to poison.
You have razor-sharp teeth.
You have supernaturally acute eyesight. (SInv)
You can survive without breathing.


   Skills:
 + Level 1.2 Fighting
 * Level 2.9 Short Blades
 + Level 2.9 Dodging
 * Level 5.8 Stealth
 + Level 2.4 Spellcasting
 + Level 5.0 Hexes


You had 5 spell levels left.
You knew the following spells:

 Your Spells              Type           Power        Failure   Level
c - Corona                Hex            21%          2%          1
e - Ensorcelled Hibernat  Hex/Ice        20%          10%         2

Your spell library contained the following spells:

 Spells                   Type           Power        Failure   Level
 Confusing Touch          Hex            19%          7%          3
 Tukima's Dance           Hex            19%          7%          3
 Apportation              Tloc           4%           19%         1
 Dazzling Flash           Conj/Hex       20%          21%         3

Inventory:

Hand Weapons
 a - a +2 dagger (weapon)
Armour
 b - a +0 robe (worn)
 h - a +1 helmet (worn)
Scrolls
 c - 4 scrolls of remove curse {@r2}
 d - a scroll of amnesia
 k - a scroll of teleportation {@r4}
Potions
 e - a potion of curing {@q1}
 f - a potion of might {unknown}
 g - a potion of lignification {unknown}
 i - a potion of flight {unknown}
 l - a potion of experience {unknown}

Dungeon Overview and Level Annotations

Branches:
Dungeon (3/15)

Altars:

Annotations:
D:2 Sigmund
D:3 1 transporter

****,**#.*#...#*,,,*#...#*,,
**,.,*#.##.#?#*****#...#*,,
*,,...#......# #...,,,,
*,,..........# #..####.
*,,,..###....# #.......
**,,,** ##†#.# #....(..
***** #.#.#######.#*****
#.#...)..o..# *
#@#####.##### * #())(c(.# *
######### * * * * *


You could see a centaur.


Message History

Confirm with . or Enter, or press ? or * to list all spells.
Aiming: Ensorcelled Hibernation (safe; 10% risk of failure)
Press: ? - help, Shift-Dir - straight line, f/p - centaur
Aim: a centaur, wielding a +0 shortbow, wearing a +0 robe and quivering 43 arrows (chance to affect: 41%)
You miscast Ensorcelled Hibernation.
You are very lightly contaminated with residual magic.
Nothing appears to happen.
You hit the centaur.
The centaur is lightly wounded.
The centaur unwields a +0 shortbow.
The centaur misses you.
Okay, then.
You hit the centaur.
The centaur is lightly wounded.
The centaur hits you!
Okay, then.
You hit the centaur but do no damage. Your bite misses the centaur.
The centaur is lightly wounded.
The centaur misses you.
You hit the centaur.
The centaur is moderately wounded.
The centaur hits you. x2
* * * LOW HITPOINT WARNING * * *
The centaur wields a +0 shortbow.
The centaur shoots an arrow.
The arrow barely misses you.
Things that are here:
a +0 club; a +0 hunting sling; an orc corpse The centaur shoots an arrow.
The arrow closely misses you.
You see here a +0 mace.
The centaur shoots an arrow.
The arrow hits you!
You die...

Skill      XL: |  1  2  3  4  5 |
---------------+----------------+-----
Short Blades   | 2 |  2.9
Stealth        | 5 |  5.8
Fighting       | 1 |  1.2
Hexes          | 5 |  5.0
Dodging        | |  2.9
Spellcasting   | |  2.4

Action                   |  1- 3 |  4- 6 || total
-------------------------+-------+-------++-------
Melee: Dagger            |    66 |    21 ||    87
       Bite              |     2 |     1 ||     3
 Cast: Corona            |    20 |     2 ||    22
       Ensorcelled Hiber |    22 |    13 ||    35
 Abil: Exsanguinate      |     1 |       ||     1
  Use: Scroll            |     6 |     2 ||     8
 Stab: Sleeping          |    27 |     6 ||    33
Armor: Robe              |     5 |     5 ||    10
Dodge: Dodged            |    33 |    17 ||    50

Levels and vault maps discovered:
D:1:      lightli_arrival_maybe_door_vault, layout_loops_ring, minivault_24
D:2:      layout_basic, kennysheep_jessica_study, uniq_sigmund
D:3:      layout_basic, tgw_sif, cheibrodos_sewer_entry_bend,
          gammafunk_ghost_arena, roderic_batcave
D:6:      cheibrodos_fzero, layout_loops_ring, serial_shops,
          nicolae_shop_statue_plus, roderic_roman_lattice,
          kennysheep_pointless_box, corexii_hall_statues_s

Notes
Turn   | Place    | Note
-------+----------+-------------------------------------------
     0 | D:1      | infcreate the Vampire Enchanter began the quest for the
                  | Orb.
     0 | D:1      | Reached XP level 1. HP: 13/13 MP: 3/3
   393 | D:1      | Reached XP level 2. HP: 15/15 MP: 5/5
   396 | D:1      | Learned a level 2 spell: Ensorcelled Hibernation
  1112 | D:1      | Reached skill level 2 in Short Blades
  1363 | D:2      | Reached skill level 5 in Stealth
  1669 | D:2      | Noticed Jessica
  1692 | D:2      | Reached XP level 3. HP: 20/20 MP: 1/6
  1833 | D:2      | Killed Jessica
  1883 | D:2      | Identified Jessica's Volume of Orientation
  2805 | D:2      | Noticed Sigmund
  3049 | D:3      | Reached XP level 4. HP: 24/24 MP: 7/7
  3081 | D:3      | Found a transporter.
  3084 | D:3      | You fall into a shaft and drop 3 floors!
  3093 | D:6      | Noticed a centaur
  3093 | D:6      | Noticed a bullfrog
  3105 | D:6      | Killed a bullfrog
  3106 | D:6      | Reached skill level 1 in Fighting
  3106 | D:6      | Reached XP level 5. HP: 29/29 MP: 1/8
  3334 | D:6      | Reached skill level 5 in Hexes
  3371 | D:6      | Noticed a centaur
  3422 | D:6      | Shot with an arrow by a centaur

Vanquished Creatures
  A bullfrog (D:6)
  Jessica (D:2)
  An ooze (D:1)
  3 leopard geckos
  4 orcs
  5 bats
  2 giant cockroaches (D:1)
  3 hobgoblins
  3 jackals (D:6)
  A quokka (D:2)
  A ball python (D:2)
  2 frilled lizards (D:2)
  5 goblins
  8 kobolds (D:1)
  4 rats (D:1)
44 creatures vanquished.

Table legend: (Time is in decaauts)
 A = Elapsed time spent in this place.
 B = Non-inter-level travel time spent in this place.
 C = Inter-level travel time spent in this place.
 D = Time resting spent in this place.
 E = Time spent auto-exploring this place.
 F = Levels seen in this place.
 G = Mean time per level.
                   A        B        C        D        E       F      G
               +--------+--------+--------+--------+--------+-----+--------+
         Total |   3414 |   3262 |    152 |    226 |   2333 |   4 |  853.5 |
       Dungeon |   3414 |   3262 |    152 |    226 |   2333 |   4 |  853.5 |
               +--------+--------+--------+--------+--------+-----+--------+

Top non-repeatable levels by time:
     D:2: 1593 daAuts
     D:1: 1307 daAuts
     D:6: 335 daAuts
     D:3: 178 daAuts

Table legend:
 A = Non-vault XP
 B = Vault XP
 C = Vault XP percentage of total XP
 D = Non-vault monster count
 E = Vault monster count
 F = Vault count percentage of total count
                 A         B        C        D         E       F
            +---------+---------+-------+---------+---------+-------
      Total |     170 |      42 |  19.8 |      41 |       3 |   6.8
            +---------+---------+-------+---------+---------+-------
        D:1 |      36 |       0 |   0.0 |      21 |       0 |   0.0
        D:2 |      14 |      39 |  73.6 |       9 |       2 |  18.2
        D:3 |      12 |       0 |   0.0 |       5 |       0 |   0.0
        D:6 |     108 |       3 |   2.7 |       6 |       1 |  14.3
            +---------+---------+-------+---------+---------+-------
